 Dungeon Crawl Stone Soup version 0.26.0-11-g8f856b5395 (webtiles) character file.

Game seed: 6036470229619108281

2238 Descartes the Destroyer (level 9, -8/45 HPs)
             Began as a Deep Elf Hedge Wizard on Jan 15, 2021.
             Was an Initiate of Gozag.
             Mangled by an orc warrior
             ... wielding a +1 hand axe of freezing
              (19 damage)
             ... on level 5 of the Dungeon.
             The game lasted 00:30:57 (12655 turns).

Descartes the Destroyer (Deep Elf Hedge Wizard)    Turns: 12655, Time: 00:30:58

Health: -8/45      AC:  5    Str: 10    XL:     9   Next: 14%
Magic:  15/18      EV: 13    Int: 20    God:    Gozag
Gold:   500        SH:  0    Dex: 14    Spells: 12/18 levels left

rFire    + . .     SeeInvis .   a - +0 dagger
rCold    + . .     Faith    .   (no shield)
rNeg     . . .     Spirit   .   s - +1 robe {rC+ rF+}
rPois    .         Reflect  .   c - +0 hat
rElec    .         Harm     .   B - +0 cloak
rCorr    .         Rampage  .   (no gloves)
Will     .....                  n - +0 pair of boots
Stlth    +++.......             (no amulet)
HPRegen  0.15/turn              (no ring)
MPRegen  0.16/turn              (no ring)

@: no status effects
A: no striking features
a: Renounce Religion, Potion Petition, Call Merchant, Bribe Branch


You were on level 5 of the Dungeon.
You worshipped Gozag.
Gozag was pleased with you.
You visited 2 branches of the dungeon, and saw 8 of its levels.

You collected 640 gold pieces.
You paid 140 gold pieces to Gozag.

Inventory:

Hand Weapons
 a - a +0 dagger (weapon)
Missiles
 d - 21 sling bullets
 e - 580 stones
 g - 87 arrows
 k - a throwing net
 l - 43 bolts
 q - 19 poisoned darts
Armour
 c - a +0 hat (worn)
 n - a +0 pair of boots (worn)
 s - a +1 robe of resistance (worn)
 B - a +0 cloak (worn)
 D - a +0 helmet
Magical Staves
 A - an uncursed staff of fire {unknown}
Wands
 C - a wand of digging (8)
Scrolls
 f - 7 scrolls of remove curse
 h - 4 scrolls of identify
 j - a scroll of enchant armour {unknown}
 p - 4 scrolls of magic mapping {unknown}
 r - 4 scrolls of teleportation {unknown}
 u - a scroll of amnesia {unknown}
 v - 2 scrolls of immolation {unknown}
 y - a scroll of fog {unknown}
Potions
 b - a potion of mutation {unknown}
 m - 4 potions of attraction
 o - a potion of berserk rage
 t - a potion of flight {unknown}
 w - 2 potions of magic
 x - a potion of invisibility {unknown}
 z - a potion of might {unknown}


   Skills:
 - Level 2.4 Dodging
 - Level 5.0 Stealth
 - Level 5.0 Spellcasting
 + Level 11.4 Conjurations
 - Level 1.1 Summonings
 - Level 5.0 Translocations


You had 12 spell levels left.
You knew the following spells:

 Your Spells              Type           Power        Failure   Level
a - Magic Dart            Conj           100%         1%          1
b - Blink                 Tloc           N/A          2%          2
c - Mephitic Cloud        Conj/Pois/Air  20%          8%          3

Your spell library contained the following spells:

 Spells                   Type           Power        Failure   Level
 Conjure Flame            Conj/Fire      27%          3%          3
 Call Imp                 Summ           9%           11%         2
 Slow                     Hex            5%           17%         2


Dungeon Overview and Level Annotations

Branches:
Dungeon (7/15)             Temple (1/1) D:5

Altars:
Ashenzari
Cheibriados
Dithmenos
Elyvilon
Fedhas
Gozag
Hepliaklqana
Makhleb
Nemelex Xobeh
Okawaru
Qazlal
Ru
Sif Muna
Trog
Uskayaw
Vehumet
Wu Jian
Xom
Yredelemnul
Zin
The Shining One

Shops:
D:4 [   D:5 :

Annotations:
D:7 1


Message History

The orc warrior is heavily wounded.
The orc warrior hits you but does no damage.
Casting: Magic Dart (safe; 1% risk of failure)
Confirm with . or Enter, or press ? or * to list all spells.
Aiming: Magic Dart (safe; 1% risk of failure)
Press: ? - help, Shift-Dir - straight line, f/p - orc warrior
Aim: an orc warrior, wielding a +1 hand axe of freezing and wearing a +0 plate armour (heavily wounded, 0% to evade)
The magic dart hits the orc warrior but does no damage.
The orc warrior is heavily wounded.
The orc warrior hits you with a +1 hand axe of freezing!
* * * LOW HITPOINT WARNING * * *
The orc warrior freezes you.
* * * LOW HITPOINT WARNING * * *
There is a stone staircase leading up here.
The orc warrior hits you but does no damage.
You climb upwards.
There is a stone staircase leading down here.
The orc warrior hits you with a +1 hand axe of freezing!!
You die...
Your body crumbles into a pile of gold.

.##).............#
.##......#######.#
..............>..#
.###.#########.#.#
####...........#.###
###.....########...#
#..................#
........#######.>..#
........##.....o@###
........##.###.###
.###.......##..#
#######.#####.##
..####..##.....#
#....#.###.....#
.......# #.....#
##....####.....#
##............#


You could see an orc warrior.

Vanquished Creatures
  A hornet (D:7)
  A water moccasin (D:7)
  An ice beast (D:6)
  A black bear (D:5)
  An ogre (D:5)
  2 centaurs
  4 big kobolds (D:4)
  3 bullfrogs (D:6)
  A howler monkey (D:4)
  5 hounds
  A bullfrog zombie (D:7)
  2 bullfrog skeletons
  2 centaur skeletons
  2 orc wizards
  2 iguanas
  5 worker ants
  2 hound skeletons (D:6)
  2 worker ant zombies
  12 gnolls
  5 adders
  A river rat (D:5)
  2 shadow imps
  4 white imps
  An ufetubus (D:4)
  An ooze (D:4)
  2 adder skeletons
  An adder zombie (D:5)
  A worm (D:2)
  A dart slug (D:1)
  5 leopard geckos
  18 orcs
  3 ball pythons
  8 giant cockroaches
  33 goblins
  31 hobgoblins
  5 jackals
  6 kobolds
  3 quokkas
  10 bats
  5 frilled lizards
  12 rats
208 creatures vanquished.

Vanquished Creatures (others)
  A fungus (D:1)
1 creature vanquished.

Grand Total: 209 creatures vanquished

Notes
Turn   | Place    | Note
-------+----------+-------------------------------------------
     0 | D:1      | Descartes the Deep Elf Hedge Wizard began the quest for the
                  | Orb.
     0 | D:1      | Reached XP level 1. HP: 10/10 MP: 7/7
   418 | D:1      | Reached XP level 2. HP: 9/15 MP: 0/9
  1072 | D:1      | Reached skill level 2 in Conjurations
  1219 | D:1      | Reached skill level 5 in Spellcasting
  1219 | D:1      | Reached XP level 3. HP: 19/19 MP: 8/11
  2043 | D:2      | Reached XP level 4. HP: 24/24 MP: 7/13
  2283 | D:2      | Found a sparkling altar of Nemelex Xobeh.
  2616 | D:2      | Reached skill level 3 in Conjurations
  2815 | D:3      | Learned a level 2 spell: Blink
  2819 | D:3      | Learned a level 3 spell: Mephitic Cloud
  3203 | D:3      | Found a glowing golden altar of the Shining One.
  3750 | D:4      | Reached XP level 5. HP: 28/28 MP: 7/14
  4051 | D:4      | Reached skill level 5 in Stealth
  4698 | D:4      | Reached skill level 4 in Conjurations
  4863 | D:4      | Reached XP level 6. HP: 14/32 MP: 4/15
  5426 | D:4      | Found Samuc's Armour Shoppe.
  6124 | D:4      | Found a radiant altar of Vehumet.
  6211 | D:4      | Reached skill level 5 in Conjurations
  6532 | D:4      | Reached XP level 7. HP: 36/36 MP: 10/16
  6724 | D:4      | Reached skill level 5 in Translocations
  6848 | D:4      | Reached skill level 6 in Conjurations
  7696 | D:5      | Entered Level 5 of the Dungeon
  7696 | D:5      | Found a hide-covered altar of Uskayaw.
  7696 | D:5      | Noticed a -2 hand axe
  7696 | D:5      | Noticed a +0 hand axe
  7763 | D:4      | Reached skill level 7 in Conjurations
  8307 | D:5      | Found Tiuc's Book Shoppe.
  8444 | D:5      | Reached XP level 8. HP: 31/41 MP: 13/17
  8606 | D:5      | Reached skill level 8 in Conjurations
  9319 | D:5      | Found a staircase to the Ecumenical Temple.
  9474 | Temple   | Entered the Ecumenical Temple
  9564 | Temple   | Became a worshipper of Gozag Ym Sagoz the Greedy
  9728 | D:5      | Reached skill level 9 in Conjurations
 10468 | D:6      | Reached skill level 10 in Conjurations
 11097 | D:6      | Found a burning altar of Makhleb.
 11563 | D:7      | Noticed a hornet
 11767 | D:7      | Paralysed by a hornet for 1 turns
 11776 | D:7      | Killed a hornet
 11777 | D:7      | Reached skill level 11 in Conjurations
 11777 | D:7      | Reached XP level 9. HP: 23/45 MP: 3/18
 12326 | D:7      | Identified the +6 plate armour of Tender Moments {MP+9}
 12655 | D:5      | Mangled by an orc warrior

Illustrated notes

Levels and vault maps discovered:
D:1:      tarquinn_simple_flora_water_f, layout_loops_ring
D:2:      minmay_angry_zag, layout_basic, lemuel_doored_altar
D:3:      layout_loops_cross, nicolae_overflow_crystal_walls
D:4:      minmay_goblin_kobold_castle, layout_loops_ring, lemuel_crystal_altar,
          serial_shops, kennysheep_mini_moat
D:5:      layout_rooms, dancing_weapons_uskayaw, temple_hall, serial_shops,
          shop_statue, portal_sewer_entry_e, minmay_misc_feat_rugged,
          lemuel_flame_loot_1
D:6:      layout_loops_cross, bloody_makhleb
D:7:      layout_basic, lemuel_mausoleum_altar_kikubaaqudgha,
          hangedman_abyss_or_decor_stabs
Temple:   lightli_temple_of_artemis

Skill      XL: |  1  2  3  4  5  6  7  8 |
---------------+-------------------------+-----
Stealth        | 3 4 5 |  5.0
Conjurations   | 2 3 4 5 7 11 | 11.4
Spellcasting   | 5 |  5.0
Translocations | 3 4 5 |  5.0
Dodging        | |  2.4
Summonings     | |  1.1

Action                   |  1- 3 |  4- 6 |  7- 9 || total
-------------------------+-------+-------+-------++-------
Melee: Dagger            |    21 |     2 |    27 ||    50
 Cast: Magic Dart        |   125 |   265 |   381 ||   771
  Use: Scroll            |       |     1 |     1 ||     2
       Potion            |       |     2 |     6 ||     8
Armor: Robe              |    12 |    11 |    29 ||    52
       Skin              |       |       |    17 ||    17
Dodge: Dodged            |    26 |    59 |   127 ||   212
